 Seeded DCSS version 0.28.0-53-g5a82cb258f (webtiles) character file.

Game seed: 123456789 (custom seed)

57 Kazon the Skirmisher (level 3, -9/31 HPs)
             Began as a Palentonga Fighter on July 22, 2022.
             Mangled by Sigmund
             ... wielding a +0 scythe
              (10 damage)
             ... on level 2 of the Dungeon.
             The game lasted 00:03:14 (810 turns).

Kazon the Skirmisher (Palentonga Fighter)            Turns: 810, Time: 00:03:14

Health: -9/31      AC:  6    Str: 19    XL:     3   Next: 73%
Magic:  3/3        EV:  7    Int:  8    God:
Gold:   27         SH:  4    Dex: 11    Spells: 2/2 levels left

rFire   . . .      SeeInvis +   a - +0 flail
rCold   . . .      Faith    .   c - +0 buckler
rNeg    . . .      Spirit   .   b - +0 scale mail
rPois   .          Reflect  .   (no helmet)
rElec   .          Harm     .   (no cloak)
rCorr   .          Rampage  .   (no gloves)
Will    .....                   (no barding)
Stlth   ..........              (no amulet)
HPRegen 0.10/turn               (no ring)
MPRegen 0.08/turn               (no ring)

@: no status effects
A: large, rugged brown scales 3, see invisible, deformed body, roll 1, armoured
tail
a: Rolling Charge


You were on level 2 of the Dungeon.
You visited 1 branch of the dungeon, and saw 2 of its levels.

You collected 27 gold pieces.

Inventory:

Hand Weapons
 a - a +0 flail (weapon)
Missiles
 g - 18 bolts
 h - 2 stones
Armour
 b - a +0 scale mail (worn)
 c - a +0 buckler (worn)
Scrolls
 f - a scroll of magic mapping {unknown}
 i - a scroll of identify {unknown}
 j - a scroll of fear {unknown}
Potions
 d - a potion of might
 e - a potion of haste {unknown}


   Skills:
 + Level 3.3 Fighting
 + Level 2.8 Maces & Flails
 + Level 2.8 Armour
 + Level 0.1 Dodging
 + Level 2.8 Shields


You had 2 spell levels left.
You didn't know any spells.
Your spell library contained the following spells:

 Spells                   Type           Power      Damage    Failure   Level
 Animate Skeleton         Necr           0%         N/A       85%         1
 Pain                     Necr           0%         1d4       85%         1
 Tukima's Dance           Hex            0%         N/A       99%         3
 Vampiric Draining        Necr           0%         2d6       99%         3
 Anguish                  Hex/Necr       0%         N/A       100%        4
 Enfeeble                 Hex            0%         N/A       100%        7


Dungeon Overview and Level Annotations

Branches:
Dungeon (2/15)

Altars:

Annotations:
D:2 Sigmund


Innate Abilities, Weirdness & Mutations

You are completely covered in rugged brown scales. (AC +3, +7% HP)
You have supernaturally acute eyesight. (SInv)
Armour fits poorly on your strangely shaped body.
You can roll at nearby foes to attack.
You have a long armoured tail.


Message History

You roll forward with a clatter of scales!
Sigmund and a goblin come into view.
You completely miss the goblin.
Sigmund shouts!
The goblin hits you but does no damage.
You closely miss the goblin. You tail-slap the goblin.
You kill the goblin!
Sigmund whispers, "You'll know eternity soon." x2
Sigmund mumbles some strange words.
Sigmund flickers and vanishes for a moment.
Things that are here:
a +0 club; a goblin corpse Roll where?
Press: ? - help, Q - select action, (/) - cycle Dir - move target, f - Sigmund
Aim: Sigmund, wielding a +0 scythe and wearing a +0 robe (slightly transparent)
You roll forward with a clatter of scales!
You barely miss Sigmund. Sigmund hits you but does no damage.
You hit Sigmund.
Your tail-slap misses Sigmund.
Sigmund is lightly wounded.
Sigmund casts a spell at you. The magic dart hits you.
You sock Sigmund!
Your tail-slap misses Sigmund.
Sigmund is moderately wounded.
You block Sigmund's attack. The goblin hits you but does no damage.
You hit Sigmund.
Sigmund is moderately wounded.
Sigmund's eyes start glowing with a red light.
Sigmund hits you with a +0 scythe! The goblin hits you with a +0 club.
* * * LOW HITPOINT WARNING * * *
You hit Sigmund.
Your tail-slap misses Sigmund.
Sigmund is heavily wounded.
The goblin hits you with a +0 club.
* * * LOW HITPOINT WARNING * * *
Sigmund hits you with a +0 scythe!
* * * LOW HITPOINT WARNING * * *
You hit Sigmund but do no damage.
Sigmund is heavily wounded.
The goblin hits you but does no damage. Sigmund hits you with a +0 scythe!
You die...

#....# ##########
#..#.# #.........
#..######.########
#.......#.#
#...###.#)####
#>..).....).)..#
#.#...###.#.##.##
#.#.....#.#)##g.#
# #..##.....@@..#
#.[.#.........#
#####.........#
..........#
###.(.......
#########.# .. ...


You could see Sigmund (invisible) and a goblin.

Vanquished Creatures
  Robin (D:2)
  A worm (D:2)
  A dart slug (D:1)
  3 bats (D:1)
  2 endoplasms (D:1)
  2 giant cockroaches (D:1)
  10 goblins
  3 hobgoblins
  2 jackals (D:1)
  2 quokkas (D:1)
  A ball python (D:1)
  2 frilled lizards (D:1)
  2 kobolds (D:1)
  3 rats (D:1)
35 creatures vanquished.

Vanquished Creatures (others)
  A withered plant (D:1)
1 creature vanquished.

Grand Total: 36 creatures vanquished

Notes
Turn   | Place    | Note
-------+----------+-------------------------------------------
     0 | D:1      | Kazon the Palentonga Fighter began the quest for the Orb.
     0 | D:1      | Reached XP level 1. HP: 19/19 MP: 1/1
   197 | D:1      | Reached XP level 2. HP: 24/25 MP: 2/2
   347 | D:1      | Found a faded altar of an unknown god.
   716 | D:1      | Reached XP level 3. HP: 31/31 MP: 3/3
   771 | D:2      | Noticed Robin
   779 | D:2      | Killed Robin
   799 | D:2      | Noticed Sigmund
   809 | D:2      | HP: 1/31 [Sigmund/+0 scythe (7)]
   810 | D:2      | Mangled by Sigmund

Illustrated notes

Levels and vault maps discovered:
D:1:      co_arrival_random_square_maze, layout_loops_cross,
          ebering_ecumenical_altar_petrified
D:2:      layout_basic, uniq_sigmund, uniq_crazy_yiuf_cottage, uniq_robin

Action                   || total
-------------------------++-------
Melee: Flail             ||    99
       Tailslap          ||    10
 Abil: Rolling Charge    ||    19
Armor: Scale mail        ||    52
Dodge: Dodged            ||    25
Block: Buckler           ||    14
